Map: Hardwire LE

Players

LiquidClem (Clem)

  • Race: Terran Terran
  • League: Master

Vanya - Winner!

  • Race: Zerg Zerg
  • League: Master

VOD

Have the link to the VOD?

Description

Time

  • Played on: Oct. 21, 2021, 7:42 a.m.
  • Length: 8:39
Show
View Real Time Build Order
Export as new Build Order

LiquidClem Terran 

Build Orders: Hellion Opening, Reaper Expand 

Get SALT Encoding   

  12  0:00  SCV  
  13  0:12  SCV  
  14  0:17  Supply Depot  
  14  0:24  SCV  
  15  0:38  SCV  
  15  0:40  Barracks  
  16  0:45  Refinery  
  16  0:50  SCV  
  17  1:03  SCV  
  18  1:15  SCV  
  19  1:27  Reaper, Orbital Command  
  20  1:37  Command Center  
  20  1:46  Supply Depot  
  20  1:52  SCV  
  21  1:59  Marine  
  22  2:04  SCV  
  23  2:11  Factory  
  23  2:16  SCV  
  23  2:22  Barracks Reactor  
  24  2:28  SCV  
  25  2:39  Command Center  
  25  2:41  SCV  
  26  2:51  Orbital Command  
  26  2:53  SCV  
  27  2:58  Starport  
  27  3:05  SCV  
  28  3:06  Refinery  
  28  3:08  Hellion  
  30  3:14  Hellion  
  30  3:16  SCV  
  30  3:17  SCV  
  30  3:19  Barracks Tech Lab  
  34  3:28  SCV  
  34  3:29  SCV  
  34  3:31  Hellion  
  38  3:36  Hellion  
  38  3:37  Viking  
  38  3:40  SCV  
  43  3:41  SCV  
  44  3:51  Orbital Command  
  44  3:52  SCV  
  44  3:54  SCV, Hellion  
  48  3:57  Hellion  
  50  4:06  SCV  
  50  4:09  SCV  
  52  4:15  Liberator  
  52  4:16  SCV  
  56  4:18  Supply Depot  
  56  4:19  SCV  
  56  4:21  Hellion x2  
  60  4:28  SCV  
  59  4:32  SCV  
  59  4:37  Stimpack  
  56  4:39  Marine  
  56  4:41  Barracks x2, SCV  
  60  4:45  Hellion  
  60  4:46  SCV, Hellion  
  60  4:51  Engineering Bay x2  
  59  4:54  SCV  
  59  4:57  Supply Depot  
  59  4:58  Marine, Refinery  
  59  5:00  SCV  
  59  5:01  Starport Reactor  
  59  5:02  SCV  
  59  5:06  SCV  
  62  5:09  Hellion  
  62  5:10  Hellion  
  66  5:15  Refinery  
  66  5:17  SCV, Bunker  
  66  5:18  Marine  
  66  5:20  Supply Depot, Orbital Command  
  69  5:23  Terran Infantry Weapons Level 1  
  69  5:24  Terran Infantry Armor Level 1  
  69  5:25  SCV  
  69  5:29  Marine x2, SCV  
  69  5:34  Armory  
  72  5:36  Marine  
  72  5:39  Hellion x2  
  77  5:43  Bunker  
  77  5:49  Marine x2, Bunker  
  79  5:54  Marine  
  76  5:58  SCV x2  
  74  6:07  Marine x2  
  71  6:12  Marine  
  71  6:17  Widow Mine x2  
  72  6:25  Marine x2, Medivac  
  74  6:27  Medivac  
  74  6:30  Marine  
  68  6:41  Hellion  
  68  6:43  Marine x2  
  68  6:44  Hellion  
  71  6:50  SCV  
  71  6:51  SCV  
  68  7:00  Marine  
  68  7:01  Marine  
  65  7:05  Widow Mine  
  65  7:07  Marine  
  63  7:13  Widow Mine  
  56  7:18  Marine x2  
  56  7:20  SCV  
  56  7:21  SCV x2  
  50  7:25  Marine  
  50  7:28  Widow Mine  
  47  7:33  SCV x2  
  47  7:36  Marine x2  
  49  7:38  Widow Mine  
  49  7:40  SCV  
  49  7:43  Marine  
  48  7:52  Widow Mine  
  48  7:54  Marine x2  
  53  8:01  Marine  
  53  8:03  SCV  
  53  8:04  SCV  
  51  8:10  SCV  
  51  8:12  Marine x2  
  47  8:19  Marine  
  44  8:22  SCV  
  44  8:26  SCV  
Show
View Real Time Build Order
Export as new Build Order

Vanya Zerg - Winner!

Build Orders: Hatch First 

Get SALT Encoding   

  12  0:00  Drone  
  13  0:12  Overlord  
  13  0:16  Drone  
  14  0:30  Drone x2  
  16  0:47  Hatchery  
  15  0:50  Drone  
  15  0:53  Drone  
  18  0:57  Drone  
  18  1:08  Extractor  
  17  1:12  Spawning Pool  
  17  1:15  Drone  
  17  1:18  Drone  
  18  1:28  Drone  
  19  1:38  Drone  
  20  1:49  Drone  
  21  1:59  Queen x2  
  21  2:00  Zergling x4  
  27  2:10  Overlord  
  27  2:12  Drone  
  28  2:21  Hatchery  
  27  2:24  Drone  
  28  2:30  Metabolic Boost  
  28  2:32  Drone  
  29  2:37  Drone x2  
  31  2:44  Queen  
  31  2:49  Overlord  
  33  2:52  Drone  
  33  2:54  Drone  
  33  2:57  Drone  
  36  3:10  Drone x2  
  36  3:11  Drone x2  
  40  3:15  Overlord  
  40  3:20  Queen  
  40  3:21  Zergling x4  
  44  3:34  Queen  
  44  3:35  Drone x2  
  44  3:39  Lair  
  48  3:42  Drone x2  
  50  3:50  Drone x2  
  50  3:54  Zergling x2  
  50  3:55  Zergling x2  
  54  3:57  Queen  
  54  4:00  Extractor  
  54  4:01  Roach Warren, Extractor  
  54  4:02  Drone x3  
  54  4:13  Zergling x10  
  55  4:20  Zergling x6  
  55  4:34  Drone x5  
  58  4:43  Nydus Network  
  56  4:45  Queen  
  56  4:52  Overlord  
  58  4:55  Overseer  
  58  4:59  Overlord  
  58  5:00  Overlord  
  57  5:09  Overlord x2  
  57  5:17  Queen  
  57  5:19  Roach x4  
  57  5:20  Roach x2  
  71  5:25  Nydus Canal  
  71  5:28  Roach  
  74  5:35  Zergling x2  
  74  5:36  Overseer, Zergling x10  
  74  5:42  Ravager  
  80  5:44  Zergling x8  
  84  5:50  Nydus Canal  
  84  5:51  Zergling x4  
  84  5:55  Zergling x2  
  85  6:02  Roach, Zergling x2  
  86  6:05  Zergling x2  
  86  6:06  Roach, Zergling x2  
  86  6:09  Zergling x4  
  86  6:10  Nydus Canal  
  86  6:11  Zergling x2  
  84  6:19  Roach, Zergling x2  
  84  6:22  Roach  
  84  6:30  Roach x2  
  84  6:32  Roach  
  84  6:38  Queen  
  82  6:41  Roach x2  
  82  6:44  Roach  
  81  6:50  Roach  
  81  6:53  Roach x2  
  75  6:58  Ravager  
  75  7:00  Queen  
  78  7:01  Ravager  
  78  7:02  Zergling x2  
  78  7:05  Roach, Zergling x2  
  83  7:10  Overseer  
  83  7:13  Roach x2, Zergling x4  
  85  7:16  Zergling x2  
  85  7:17  Zergling x2  
  83  7:23  Roach  
  83  7:26  Ravager  
  83  7:28  Zergling x2  
  83  7:29  Zergling x2  
  88  7:35  Roach, Zergling x2  
  86  7:40  Roach  
  85  7:46  Nydus Canal  
  85  7:48  Zergling x2  
  84  7:53  Roach x3  
  89  8:01  Roach  
  75  8:06  Roach x3  
  75  8:11  Roach  
  75  8:12  Roach  
  80  8:15  Roach  
  80  8:19  Roach  
Tags
 
Add a new tag
Caveats
  • Supply blocks, unpowered buildings, or Contaminate may cause inaccurate times.
  • Supply counts are checked every 10 seconds.